 Dungeon Crawl Stone Soup version 0.30.0-13-g156ef70053 (webtiles) character file.

Game seed: 2016970210470845753

1 browni3141 the Sneak (level 1, -1/14 HPs)
             Began as a Demigod Enchanter on May 17, 2023.
             Slain by a kobold
             ... wielding a +0 whip
              (5 damage)
             ... on level 1 of the Dungeon.
             The game lasted 00:00:20 (29 turns).

browni3141 the Sneak (Demigod Enchanter)              Turns: 29, Time: 00:00:21

Health: -1/14      AC:  2    Str:  9    XL:     1   Next: 13%
Magic:  5/5        EV: 12    Int: 17    God:
Gold:   0          SH:  0    Dex: 14    Spells: 3/3 levels left

rFire   . . .        a - +1 dagger
rCold   . . .        (no shield)
rNeg    . . .        b - +0 robe
rPois   .            (no helmet)
rElec   .            (no cloak)
rCorr   .            (no gloves)
SInv    .            (no boots)
Will    .....        (no amulet)
Stlth   ++           (no ring)
HPRegen 0.22/turn    (no ring)
MPRegen 0.09/turn

%: no passive effects
@: invisible
A: high MP 1, forlorn, divine attributes
a: no special abilities


You were on level 1 of the Dungeon.
You visited 1 branch of the dungeon, and saw 1 of its levels.

Inventory:

Hand Weapons
 a - a +1 dagger (weapon)
Armour
 b - a +0 robe (worn)
Potions
 i - a potion of invisibility


   Skills:
 + Level 0.9 Short Blades
 + Level 1.8 Dodging
 + Level 2.7 Stealth
 + Level 1.7 Spellcasting
 + Level 2.7 Hexes


You had 3 spell levels left.
You didn't know any spells.
Your spell library contained the following spells:

 Spells                   Type           Power      Damage    Failure   Level
 Ensorcelled Hibernation  Hex/Ice        12%        N/A       17%         2
 Confusing Touch          Hex            10%        N/A       21%         3
 Tukima's Dance           Hex            10%        N/A       21%         3
 Dazzling Flash           Conj/Hex       12%        N/A       34%         3


Dungeon Overview and Level Annotations

Branches:
Dungeon (1/15)


Innate Abilities, Weirdness & Mutations

You have an increased reservoir of magic. (+10% MP)
You shall have no god before yourself.
Your divine heritage dramatically boosts your attributes as you level up.


Message History

Welcome, browni3141 the Demigod Enchanter.
A smirking vizier told you that the Orb of Zot is just within this dungeon.
Press ? for a list of commands and other information.
Found 5 stones.
Found a staircase leading out of the dungeon.
Setting a skill training target for Axes at 16.0.
Setting a skill training target for Invocations at 14.0.
Setting a skill training target for Throwing at 5.0.
Setting a skill training target for Invocations at 14.0.
Save game and exit?
Welcome back, browni3141 the Demigod Enchanter.
Press ? for a list of commands and other information.
Setting a skill training target for Invocations at 14.0.
A ball python and a kobold come into view.
The kobold shouts!
The ball python hisses angrily.
You hear a bark! x2
A jackal comes into view.
The ball python attacks as you move away!
The ball python completely misses you.
You closely miss the ball python. The ball python closely misses you.
The ball python grabs you. The ball python constricts you.
You hit the ball python.
The ball python is moderately wounded.
The ball python barely misses you. The ball python constricts you.
You hit the ball python.
You kill the ball python!
You hit the kobold.
The kobold is moderately wounded.
A jackal comes into view.
The kobold hits you with a +0 whip.
The jackal barks!
You hit the kobold but do no damage.
The kobold is moderately wounded.
You hear a bark!
A jackal comes into view.
You closely miss the kobold.
The kobold is moderately wounded.
The kobold hits you with a +0 whip.
* * * LOW HITPOINT WARNING * * *
You hit the kobold but do no damage.
The kobold is moderately wounded.
The kobold hits you with a +0 whip.
* * * LOW HITPOINT WARNING * * *
You fade into invisibility!
The kobold barely misses you.
You closely miss the kobold.
The kobold is moderately wounded.
The kobold closely misses you.
You closely miss the kobold.
The kobold is moderately wounded.
The kobold hits you with a +0 whip.
You die...

#.# #.#
#.# #.#
#.# #h##
#hh# ##K#
##@##
##...##
##.....##
+...<...+
##.(...##
##...##
##.## #.#
#+#


You could see 3 jackals and a kobold (unable to see you).

Vanquished Creatures
  A ball python (D:1)
1 creature vanquished.

Notes
Turn   | Place    | Note
-------+----------+-------------------------------------------
     0 | D:1      | browni3141 the Demigod Enchanter began the quest for the
                  | Orb.
     0 | D:1      | Reached XP level 1. HP: 14/14 MP: 5/5
    29 | D:1      | Slain by a kobold

Illustrated notes

Levels and vault maps discovered:
D:1:      dpeg_arrival_rhombi, layout_basic, ebering_ecumenical_altar_webs

Action                     || total
---------------------------++-------
  Melee: Dagger            ||     9
    Use: Potion            ||     1
  Dodge: Dodged            ||     5
